 Dungeon Crawl Stone Soup version 0.18-b1-14-g029dad2 (webtiles) character file.

60 Nekros the Sneak (level 3, -2/16 HPs)
             Began as a Spriggan Enchanter on Apr 30, 2016.
             Killed from afar by Sigmund (14 damage)
             ... with a wand of flame
             ... on level 2 of the Dungeon.
             The game lasted 00:11:23 (1817 turns).

Nekros the Sneak (Spriggan Enchanter)               Turns: 1817, Time: 00:11:24

Health: -2/16      AC:  3    Str:  4    XL:     3   Next: 80%
Magic:  5/8        EV: 18    Int: 16    God:
Gold:   47         SH:  0    Dex: 17    Spells: 2 memorised, 3 levels left

rFire  . . .     SeeInvis +     m - +1 short sword (venom)
rCold  . . .     Gourm    .     b - +1 robe
rNeg   . . .     Faith    .     (shield restricted)
rPois  .         Spirit   .     (helmet restricted)
rElec  .         Dismiss  .     (no cloak)
rCorr  .         Reflect  .     (gloves unavailable)
SustAt .         Harm     .     (boots unavailable)
MR     .....                    (no amulet)
Stlth  ++++......               (no ring)
                                (no ring)

@: very quick, not resistant to hostile enchantments, stealthy
A: unfitting armour, see invisible, herbivore 3, speed 3, slow metabolism 2
a: no special abilities


You were on level 2 of the Dungeon.
You were not hungry.

You visited 1 branch of the dungeon, and saw 2 of its levels.

You collected 47 gold pieces.

Inventory:

Hand Weapons
 a - a +1 dagger
 m - a +1 short sword of venom (weapon)
Missiles
 g - 68 stones (quivered)
Armour
 b - a +1 robe (worn)
Jewellery
 e - a +3 amulet of reflection {unknown}
 o - an uncursed amulet of the gourmand {unknown}
Scrolls
 f - a scroll of amnesia {unknown}
 h - 2 scrolls of remove curse {unknown}
 j - 3 scrolls of enchant armour {unknown}
 n - a scroll of random uselessness {unknown}
Potions
 i - a potion of haste {unknown}
 k - 2 potions of curing {unknown}
 l - a potion of might {unknown}
Books
 c - a book of Maledictions

   Spells                             Type                      Level
   a - Corona                         Hexes                        1
   b - Ensorcelled Hibernation        Hexes/Ice                    2
   c - Confuse                        Hexes                        3
   d - Tukima's Dance                 Hexes                        3
   e - Dazzling Spray                 Conjuration/Hexes            3
Comestibles
 d - a bread ration
 p - a slice of pizza


   Skills:
 - Level 1.1 Short Blades
 - Level 3.0 Dodging
 + Level 7.3 Stealth
 - Level 2.6 Spellcasting
 - Level 3.6 Hexes


You had 3 spell levels left.
You knew the following spells:

 Your Spells              Type           Power        Failure   Level  Hunger
a - Corona                Hex            ##.....      6%          1    #......
b - Confuse               Hex            ##......     14%         3    ###....


Dungeon Overview and Level Annotations

Branches:
Dungeon (2/15)

Altars:

Annotations:
D:2 Sigmund


Innate Abilities, Weirdness & Mutations

You are tiny and cannot use many weapons and most armour.
You have supernaturally acute eyesight.
You are a herbivore.
You cover ground extremely quickly.
You need consume almost no food.


Message History

Sigmund zaps a wand.
It is a wand of flame.
You strike the helpless Sigmund from behind!
You puncture Sigmund!
Sigmund is poisoned.
Sigmund is moderately wounded.
The ooze hits you.
You hit Sigmund but do no damage.
Sigmund looks even sicker.
Sigmund is moderately wounded.
Sigmund zaps a wand.
The ooze hits you. The giant cockroach closely misses you. The ooze misses you.
You hit Sigmund.
Sigmund is heavily wounded.
The giant cockroach closely misses you. The ooze closely misses you.
You hit Sigmund.
Sigmund is severely wounded.
The giant cockroach completely misses you.
The ooze misses you.
The giant cockroach bites you but does no damage.
Sigmund zaps a wand.
The puff of flame hits you!
Ouch! That really hurt!
You die...

.....+......+...... ..
#. #...#......##.....
...#. #..(.....####.....
...#.##.................
........................
........................
.......s...#............
.........J.+............
.......@...#####...##...
.......@...#.......##...
..........†..!.....##...
...................##...
...................##...
................#.......
................#......
..............%.........
....................


You could see Sigmund (confused), an ooze and a giant cockroach.

Vanquished Creatures
  An adder (D:2)
  A worm (D:2)
  A dart slug (D:1)
  4 giant geckos
  3 giant cockroaches (D:2)
  3 goblins (D:1)
  A hobgoblin (D:1)
  3 jackals (D:1)
  A ball python (D:2)
  4 bats
  2 giant newts (D:2)
  5 kobolds
  17 rats
46 creatures vanquished.

Notes
Turn   | Place    | Note
--------------------------------------------------------------
     0 | D:1      | Nekros the Spriggan Enchanter began the quest for the Orb.
     0 | D:1      | Reached XP level 1. HP: 9/9 MP: 5/5
    29 | D:1      | Reached skill level 5 in Stealth
    65 | D:1      | Reached XP level 2. HP: 3/13 MP: 6/6
   723 | D:1      | Reached skill level 6 in Stealth
   967 | D:1      | Reached XP level 3. HP: 14/16 MP: 8/8
   972 | D:1      | Learned a level 3 spell: Confuse
  1649 | D:2      | Reached skill level 7 in Stealth
  1732 | D:2      | Noticed Sigmund
  1817 | D:2      | Killed from afar by Sigmund

Skill      XL: |  1  2  3 |
---------------+----------+-----
Stealth        | 5 6 7 |  7.3
Short Blades   | |  1.1
Dodging        | |  3.0
Spellcasting   | |  2.6
Hexes          | |  3.6

Action                   || total
-------------------------++-------
Melee: Dagger            ||   129
       Short sword       ||    13
Throw: Stone             ||    20
 Cast: Confuse           ||     7
 Stab: Sleeping          ||    15
       Confused          ||     6
Armor: Robe              ||    19
Dodge: Dodged            ||   116
